 Dungeon Crawl Stone Soup version 0.29-a0-925-g0a7a3d12f8 (webtiles) character file.

Game seed: 16946880849874180119

3274 leavemydog the Cleaver (level 10, 0/84 HPs)
             Began as a Hill Orc Fighter on July 28, 2022.
             Was an Initiate of the Shining One.
             Slain by a hornet (9 damage)
             ... on level 7 of the Dungeon.
             The game lasted 00:15:06 (6670 turns).

leavemydog the Cleaver (Hill Orc Fighter)           Turns: 6670, Time: 00:15:07

Health: 0/84       AC: 13    Str: 22    XL:     10   Next: 0%
Magic:  11/11      EV:  9    Int: 10    God:    the Shining One [......]
Gold:   425        SH:  4    Dex: 10    Spells: 8/11 levels left

rFire   . . .      SeeInvis .   a - +0 war axe
rCold   . . .      Faith    .   c - +0 buckler
rNeg    . . .      Spirit   .   y - +3 scale mail
rPois   .          Reflect  .   (no helmet)
rElec   .          Harm     .   G - +0 cloak
rCorr   .          Rampage  .   (no gloves)
Will    +....                   H - +0 pair of boots
Stlth   ..........              t - amulet of regeneration
HPRegen 1.04/turn               w - ring of willpower
MPRegen 0.12/turn               (no ring)

@: lethally poisoned (0 -> -4), about to teleport, slowed, glowing, very slow
A: no striking features
a: Renounce Religion


You were on level 7 of the Dungeon.
You worshipped the Shining One.
The Shining One was noncommittal.
You visited 2 branches of the dungeon, and saw 9 of its levels.

You collected 425 gold pieces.

Inventory:

Hand Weapons
 a - a +0 war axe (weapon)
 r - a +1 flail of holy wrath
Armour
 c - a +0 buckler (worn)
 l - a scarf of invisibility
 y - a +3 scale mail (worn)
 D - the +0 ring mail "Suimowel" {rElec Str+3}
   (You found it on level 7 of the Dungeon)

   Str:       It affects your strength (+3).
   rElec:     It insulates you from electricity.
 G - a +0 cloak (worn)
 H - a +0 pair of boots (worn)
Jewellery
 k - an amulet of guardian spirit
 t - an amulet of regeneration (around neck)
 w - a ring of willpower (left hand)
Wands
 b - a wand of polymorph (10)
 A - a wand of iceblast (11)
Scrolls
 e - 2 scrolls of teleportation
 g - 2 scrolls of amnesia
 i - a scroll of poison
 p - a scroll of fear {unknown}
 s - 2 scrolls of brand weapon {unknown}
 u - a scroll of noise {unknown}
 x - a scroll of vulnerability {unknown}
 z - 3 scrolls of fog {unknown}
 B - a scroll of immolation {unknown}
 C - a scroll of silence {unknown}
 F - 2 scrolls of acquirement {unknown}
 I - a scroll of enchant weapon {unknown}
Potions
 d - 3 potions of might
 f - a potion of attraction
 h - 4 potions of haste
 j - 2 potions of brilliance {unknown}
 m - 2 potions of resistance {unknown}
 n - 2 potions of flight
 o - 4 potions of lignification
 q - a potion of curing
 v - a potion of mutation {unknown}
 E - a potion of invisibility {unknown}


   Skills:
 + Level 6.8 Fighting
 * Level 14.1 Axes
 + Level 7.0 Armour
 + Level 4.6 Shields
 * Level 1.1 Spellcasting
 * Level 1.2 Translocations


You had 8 spell levels left.
You knew the following spells:

 Your Spells              Type           Power      Damage    Failure   Level
a - Lesser Beckoning      Tloc           2%         N/A       89%         3

Your spell library contained the following spells:

 Spells                   Type           Power      Damage    Failure   Level
 Magic Dart               Conj           0%         1d3       71%         1
 Sandblast                Erth           0%         2d4       71%         1
 Slow                     Hex            0%         N/A       71%         1
 Passwall                 Tmut/Erth      0%         N/A       85%         2
 Searing Ray              Conj           0%         2d4       85%         2
 Gell's Gravitas          Tloc           2%         N/A       89%         3
 Teleport Other           Tloc           2%         N/A       89%         3
 Portal Projectile        Hex/Tloc       2%         N/A       94%         3
 Call Canine Familiar     Summ           0%         N/A       97%         3
 Conjure Flame            Conj/Fire      0%         6-21      97%         3
 Ignite Poison            Fire/Tmut/Pois 0%         N/A       97%         3
 Stone Arrow              Conj/Erth      0%         3d7       97%         3
 Animate Armour           Summ/Erth      0%         N/A       100%        4
 Fulminant Prism          Conj/Hex       0%         3d6       100%        4
 Leda's Liquefaction      Hex/Erth       0%         N/A       100%        4
 Sticky Flame             Conj/Fire      0%         2d3       100%        4
 Blade Hands              Tmut           0%         N/A       100%        5
 Iron Shot                Conj/Erth      0%         9d1       100%        6


Dungeon Overview and Level Annotations

Branches:
Dungeon (8/15)             Temple (1/1) D:7
   Lair: D:8-11

Altars:
Ashenzari
Cheibriados
Fedhas
Makhleb
Nemelex Xobeh
Okawaru
Qazlal
Ru
Sif Muna
Trog
Uskayaw
Wu Jian
Xom
Yredelemnul
Zin
The Shining One

Shops:
D:4 (

Annotations:
D:6 2 transporters, gruber's ghost, novice GrEE


Message History

You feel very sick. You block the hornet's attack.
The hornet stings you but does no damage.
You barely miss the hornet.
The hornet is heavily wounded.
You feel very sick. The hornet stings you.
You suddenly lose the ability to move!
The hornet stings you!
You are more poisoned.
You shrug off the repeated paralysis!
You feel very sick.
The hornet stings you but does no damage. x2
You can move again.
You feel better.
The hornet stings you but does no damage.
You block the hornet's attack.
You barely miss the hornet.
The hornet is moderately wounded.
The hornet stings you!
* * * LOW HITPOINT WARNING * * *
You are poisoned.
You feel as though you will be slow longer.
You block the hornet's attack.
Okay, then.
As you read the scroll of teleportation, it crumbles to dust.
You feel strangely unstable.
You feel very sick.
The hornet stings you but does no damage.
The hornet stings you!
* * * LOW HITPOINT WARNING * * *
You feel as though you will be slow longer.
You feel better. The hornet stings you!
* * * LOW HITPOINT WARNING * * *
You are poisoned.
You feel as though you will be slow longer.
The hornet stings you.
* * * LOW HITPOINT WARNING * * *
You feel as though you will be slow longer.
The hornet stings you!
You die...

#............#
#.##########.#
#####.............
##.................
#.........#######.#
#....####.# #.#
#....# #.# #<#
#[)..####.#######..
#.@[.'.............
#.y..####.#########
#....'..........###
#....####.##......#
#....##.####......#
#######.# #.†....#
#.....# #.......
###.#.####.......
######'#............


You could see a hornet.

Vanquished Creatures
  Grinder (D:5)
  A shadow (D:6)
  Sigmund (D:6)
  A yak (D:7)
  Menkaure (D:5)
  A water moccasin (D:6)
  3 orc warriors
  2 black bears (D:6)
  A sky beast (D:7)
  4 centaurs
  3 ogres
  A phantom (D:6)
  Blork the orc (D:5)
  2 bullfrogs
  A necrophage (D:6)
  6 scorpions
  A killer bee (D:8)
  A howler monkey (D:6)
  2 orc priests
  2 iguanas (D:6)
  6 orc wizards
  3 gnolls (D:4)
  12 adders
  3 white imps
  2 ufetubi
  A worm (D:2)
  2 dart slugs
  21 orcs
  4 endoplasms
  6 giant cockroaches
  8 goblins
  7 hobgoblins
  3 jackals (D:1)
  2 quokkas
  6 ball pythons
  2 bats
  2 frilled lizards
  8 kobolds
  9 rats
143 creatures vanquished.

Notes
Turn   | Place    | Note
-------+----------+-------------------------------------------
     0 | D:1      | leavemydog the Hill Orc Fighter began the quest for the
                  | Orb.
     0 | D:1      | Reached XP level 1. HP: 19/19 MP: 1/1
   150 | D:1      | Reached XP level 2. HP: 27/27 MP: 2/2
   179 | D:1      | Reached skill level 3 in Axes
   443 | D:1      | Found a faded altar of an unknown god.
   447 | D:1      | Got Plato's Secrets of the Oath
   777 | D:1      | Reached XP level 3. HP: 31/33 MP: 3/3
  1130 | D:2      | Reached skill level 4 in Axes
  1225 | D:2      | Reached XP level 4. HP: 34/40 MP: 4/4
  1882 | D:3      | Reached skill level 5 in Axes
  2219 | D:3      | Reached XP level 5. HP: 45/46 MP: 5/5
  2625 | D:4      | Found Zuucruo's Weapon Shoppe.
  2743 | D:4      | Reached skill level 6 in Axes
  2759 | D:4      | Reached XP level 6. HP: 46/53 MP: 6/6
  3072 | D:4      | Reached skill level 7 in Axes
  3419 | D:5      | Entered Level 5 of the Dungeon
  3463 | D:5      | Reached XP level 7. HP: 44/60 MP: 7/7
  3622 | D:5      | Noticed Grinder
  3629 | D:5      | Paralysed by Grinder for 3 turns
  3632 | D:5      | Noticed Menkaure
  3639 | D:5      | Paralysed by Grinder for 5 turns
  3649 | D:5      | Killed Menkaure
  3649 | D:5      | Paralysed by Grinder for 4 turns
  3650 | D:5      | Reached skill level 8 in Axes
  3654 | D:5      | Killed Grinder
  3655 | D:5      | Reached skill level 5 in Fighting
  3655 | D:5      | Reached skill level 9 in Axes
  3655 | D:5      | Reached skill level 5 in Armour
  3747 | D:5      | Reached XP level 8. HP: 61/68 MP: 8/8
  3981 | D:5      | Noticed Blork the orc
  3994 | D:5      | Killed Blork the orc
  3995 | D:5      | Reached skill level 10 in Axes
  4285 | D:6      | Noticed a shadow
  4297 | D:6      | Killed a shadow
  4362 | D:6      | Noticed Sigmund
  4367 | D:6      | Found a broken altar of Ashenzari.
  4371 | D:6      | Killed Sigmund
  4372 | D:6      | Reached skill level 11 in Axes
  4455 | D:6      | Reached XP level 9. HP: 70/75 MP: 9/9
  4484 | D:6      | Reached skill level 12 in Axes
  4912 | D:6      | Found a transporter.
  4917 | D:6      | Noticed gruber's ghost (novice GrEE)
  4926 | D:6      | Found a transporter.
  5393 | D:7      | Found a staircase to the Ecumenical Temple.
  5447 | D:7      | Reached skill level 13 in Axes
  5478 | Temple   | Entered the Ecumenical Temple
  5651 | Temple   | Became a worshipper of the Shining One
  6111 | D:7      | Learned a level 3 spell: Lesser Beckoning
  6140 | D:7      | Identified the +0 ring mail "Suimowel" {rElec Str+3}
  6576 | D:7      | Reached skill level 1 in Translocations
  6622 | D:8      | Reached skill level 14 in Axes
  6622 | D:8      | Reached skill level 1 in Spellcasting
  6630 | D:8      | Reached XP level 10. HP: 75/84 MP: 11/11
  6652 | D:8      | Paralysed by a hornet for 2 turns
  6665 | D:7      | Paralysed by a hornet for 2 turns
  6670 | D:7      | Slain by a hornet

Illustrated notes

Levels and vault maps discovered:
D:1:      evilmike_arrival_fibonacci_small, layout_basic,
          shapermc_ecumenical_altar_rom_forum
D:2:      layout_basic
D:3:      layout_basic, minmay_misc_feat_x
D:4:      layout_cave_pods, serial_shops, nicolae_shop_crystal,
          minmay_stone_trees_medium
D:5:      nicolae_BIG_FREAKIN_CUBE, layout_loops_ring, uniq_grinder,
          uniq_menkaure, uniq_blork_the_orc
D:6:      layout_layer_cave, mainiacjoe_overflow_catwalk, gammafunk_ghost_arena,
          minmay_misc_feat_pillars, st_stairs_5, uniq_sigmund
D:7:      layout_basic, minmay_temple_entry_slanted
D:8:      layout_gridville, kennysheep_nub, nicolae_hexahallways,
          minmay_joined_circles
Temple:   nicolae_temple_superstar

Skill      XL: |  1  2  3  4  5  6  7  8  9 |
---------------+----------------------------+-----
Axes           | 3 4 5 6 7 9 11 14 | 14.1
Fighting       | 4 5 6 |  6.8
Armour         | 4 5 6 7 |  7.0
Shields        | 4 |  4.6
Translocations | 1 |  1.2
Spellcasting   | 1 |  1.1

Action                   |  1- 3 |  4- 6 |  7- 9 | 10-12 || total
-------------------------+-------+-------+-------+-------++-------
Melee: War axe           |   108 |   205 |   274 |     7 ||   594
  Use: Scroll            |       |     7 |     2 |     1 ||    10
       Potion            |       |       |     5 |     2 ||     7
Armor: Scale mail        |    76 |    86 |   112 |     9 ||   283
Dodge: Dodged            |    44 |    74 |   121 |     6 ||   245
Block: Buckler           |    24 |    45 |    47 |     4 ||   120

Table legend: (Time is in decaauts)
 A = Elapsed time spent in this place.
 B = Non-inter-level travel time spent in this place.
 C = Inter-level travel time spent in this place.
 D = Time resting spent in this place.
 E = Time spent auto-exploring this place.
 F = Levels seen in this place.
 G = Mean time per level.
                   A        B        C        D        E       F      G
               +--------+--------+--------+--------+--------+-----+--------+
         Total |   6751 |   6417 |    334 |    582 |   4522 |   9 |  750.1 |
       Dungeon |   6555 |   6303 |    252 |    582 |   4422 |   8 |  819.4 |
        Temple |    195 |    114 |     81 |      0 |    100 |   1 |  195.0 |
               +--------+--------+--------+--------+--------+-----+--------+

Top non-repeatable levels by time:
     D:6: 1145 daAuts
     D:1: 1054 daAuts
     D:3: 996 daAuts
     D:7: 905 daAuts
     D:4: 815 daAuts
     D:5: 812 daAuts
     D:2: 640 daAuts
  Temple: 195 daAuts
     D:8: 185 daAuts
